 Dungeon Crawl Stone Soup version 0.29.1-1-gd02db6906a (webtiles) character file.

Game seed: 7876012038294913846

16 nshep25 the Sneak (level 2, -2/24 HPs)
             Began as a Human Delver on Sept 16, 2022.
             Slain by a gnoll
             ... wielding a +2 spear of venom
              (4 damage)
             ... on level 3 of the Dungeon.
             The game lasted 00:04:19 (1041 turns).

nshep25 the Sneak (Human Delver)                    Turns: 1041, Time: 00:04:20

Health: -2/24      AC:  4    Str: 12    XL:     2   Next: 75%
Magic:  2/2        EV: 12    Int: 10    God:
Gold:   62         SH:  0    Dex: 14    Spells: 1/1 levels left

rFire   . . .      SeeInvis .   a - +0 falchion
rCold   . . .      Faith    .   (no shield)
rNeg    . . .      Spirit   .   b - +0 leather armour
rPois   .          Reflect  .   i - +0 helmet
rElec   .          Harm     .   (no cloak)
rCorr   .          Rampage  .   (no gloves)
Will    .....                   (no boots)
Stlth   +++.......              (no amulet)
HPRegen 0.08/turn               (no ring)
MPRegen 0.08/turn               (no ring)

@: lethally poisoned (-2 -> -19)
A: no striking features
a: no special abilities


You were on level 3 of the Dungeon.
You visited 1 branch of the dungeon, and saw 3 of its levels.

You collected 62 gold pieces.

Inventory:

Hand Weapons
 a - a +0 falchion (weapon)
Armour
 b - a +0 leather armour (worn)
 i - a +0 helmet (worn)
Wands
 g - a wand of digging (3)
Scrolls
 c - a scroll of fog
 d - a scroll of magic mapping
 e - a scroll of fear
 h - a scroll of teleportation {unknown}
 j - a scroll of noise {unknown}
 m - a scroll of identify {unknown}
Potions
 f - a potion of haste
 k - 3 potions of brilliance {unknown}
 l - a potion of curing {unknown}
 n - a potion of flight {unknown}


   Skills:
 + Level 3.0 Fighting
 + Level 2.1 Long Blades
 + Level 0.1 Armour
 + Level 2.0 Dodging
 + Level 5.5 Stealth


You had one spell level left.
You didn't know any spells.
Your spell library was empty.

Dungeon Overview and Level Annotations

Branches:
Dungeon (5/15)
 Temple: D:4-7

Altars:

Annotations:
D:3 1 transporter


Message History

Moving in this stuff is going to be slow.
Found 11 gold pieces.
There is a transporter landing site here.
You enter the shallow water.
Moving in this stuff is going to be slow.
Things that are here:
a +0 dagger; a goblin corpse The gnoll shouts!
A bat comes into view.
Found a transporter.
The helpless bat fails to defend itself.
You hit the bat.
You kill the bat!
The gnoll shouts!
Found 9 gold pieces.
There is a transporter here.
You enter the transporter and appear at another place.
The gnoll shouts!
A nearby plant withers and dies.
The gnoll barely misses you.
You closely miss the gnoll.
A gnoll breaks down the door.
The gnoll hits you from afar with a +2 spear of venom.
You are poisoned.
A gnoll breaks down the door.
You feel sick. The gnoll barely misses you. The gnoll attacks as you move away!
The gnoll barely misses you.
You feel sick.
The gnoll hits you from afar with a +2 spear of venom!
You are lethally poisoned!
The gnoll closely misses you.
You feel very sick.
The gnoll hits you with a +2 spear of venom. x2
* * * LOW HITPOINT WARNING * * *
You are more poisoned.
The gnoll closely misses you.
You hit the gnoll.
The gnoll is heavily wounded.
* * * LOW HITPOINT WARNING * * *
You feel very sick.
The gnoll hits you with a +2 spear of venom.
You die...

.. ##.≈≈###.##+##.###≈≈..#
#. #.≈≈..#.#$ $# #..≈≈..#
#.#####.≈≈.##.# #g##.≈≈..#
#.....#.≈≈.#©.# ..#.≈≈..#
##.##...≈≈.##.#####.##.≈≈..#
##.###..≈≈..#.#8⌠8#.#......#
#...[...~~.©#.'.©.g.#©.....#
#....(.)≈≈..#.#PgP#.#......#
........≈≈.##.##@##.##.≈≈..#
#.......≈≈.#..#.gg#g.#.≈≈..#
#.......≈≈.##.#⌠.⌠#.##.≈≈..#
#####.#.≈≈..#.#.gP#.#..≈≈..#
#.#.≈≈###.##'##.###≈≈..#
#.#.≈≈#...........#≈≈..#
#.#.≈≈##.###.###.##≈≈..#
#.#.≈≈#..#8###8#..#≈≈..#
#.#.≈≈####.....####≈≈..#


You could see 6 gnolls.

Vanquished Creatures
  An adder (D:4)
  A ball python (D:3)
  2 goblins
  A quokka (D:3)
  2 bats (D:3)
7 creatures vanquished.

Vanquished Creatures (others)
  3 plants (D:3)
3 creatures vanquished.

Grand Total: 10 creatures vanquished

Notes
Turn   | Place    | Note
-------+----------+-------------------------------------------
     0 | D:5      | nshep25 the Human Delver began the quest for the Orb.
     0 | D:5      | Reached XP level 1. HP: 18/18 MP: 1/1
    82 | D:5      | Noticed an ogre
    90 | D:4      | Noticed an orc priest
   173 | D:4      | Noticed a black bear
   347 | D:4      | Noticed a black bear
   593 | D:4      | Reached XP level 2. HP: 8/24 MP: 2/2
   935 | D:3      | Found a transporter.
  1019 | D:3      | Found a transporter.
  1041 | D:3      | Slain by a gnoll

Illustrated notes

Levels and vault maps discovered:
D:3:      layout_rooms, grunt_temple_overflow_magic_moments,
          gammafunk_ghost_gnarly_gnolls, minmay_misc_feat_more_columns,
          uniq_terence
D:4:      layout_loops_ring, temple_pool_b
D:5:      layout_basic, nicolae_hepliaklqana_ecumenical_no_more, slow_altar_2

Action                   || total
-------------------------++-------
Melee: Falchion          ||    22
  Use: Scroll            ||     1
 Stab: Sleeping          ||     2
Armor: Leather armour    ||     9
Dodge: Dodged            ||    20
